NWL (28 & UNDER)
LA CROSSE LOGGERS @ SAN DIEGO SMASHERS
09/14/2027
 
TOP OF THE 1ST
La Crosse Loggers batting - Pitching for San Diego Smashers : RHP Carlos Trujillo
Pitching: RHP Carlos Trujillo
Batting: RHB Aurelio Cruz 0-0: Ball
1-0: Ball
2-0: Called Strike
2-1: Ball
3-1: Base on Balls
Batting: SHB Dave Henley 0-0: Ball
Aurelio Cruz is caught stealing 2nd base
1-0: Foul Ball, location: 2F
1-1: Called Strike
1-2: Strikes out swinging
Batting: LHB Ramón Morales 0-0: Foul Ball, location: 2F
0-1: Foul Ball, location: 2F
0-2: Strikes out swinging
Top of the 1st over - 0 run(s), 0 hit(s), 0 error(s), 0 left on base; La Crosse 0 - San Diego 0
BOTTOM OF THE 1ST
San Diego Smashers batting - Pitching for La Crosse Loggers : RHP Jack Hampton
Pitching: RHP Jack Hampton
Batting: LHB Michael Myers 0-0: Called Strike
0-1: Called Strike
0-2: Ball
1-2: Ball
2-2: Ball
3-2: Base on Balls
Batting: LHB Jaime Icaza 0-0: Ball
1-0: Fielders Choice at 2nd, 6-4 (Groundball, 6)
Batting: RHB Ricardo Guzmán 0-0: Ball
1-0: Foul Ball, location: 2F
1-1: Called Strike
1-2: Strikes out swinging
Batting: LHB Ken Phillips 0-0: Called Strike
0-1: Ball
1-1: Ball
2-1: SINGLE (Groundball, 34) (infield hit)
Jaime Icaza to second
Batting: RHB Gilberto Guzmán 0-0: Called Strike
0-1: Ball
1-1: Ball
2-1: Ball
3-1: Base on Balls
Jaime Icaza to third
Ken Phillips to second
Batting: LHB Joe Baker 0-0: Called Strike
0-1: Foul Ball, location: 2F
0-2: Ball
1-2: Foul Ball, location: 2F
1-2: Fielders Choice at 2nd, 6-4 (Groundball, 6MD)
Bottom of the 1st over - 0 run(s), 1 hit(s), 0 error(s), 2 left on base; La Crosse 0 - San Diego 0
TOP OF THE 2ND
La Crosse Loggers batting - Pitching for San Diego Smashers : RHP Carlos Trujillo
Batting: RHB Danny Campbell 0-0: Called Strike
0-1: Ball
1-1: Called Strike
1-2: Ball
2-2: Fly out, F9 (Flyball, 9D)
Batting: LHB Jeff Forsyth 0-0: Called Strike
0-1: Ball
1-1: Swinging Strike
1-2: Strikes out swinging
Batting: LHB Ralph Cobb 0-0: Foul Ball, location: 2F
0-1: Ball
1-1: Called Strike
1-2: SINGLE (Groundball, 56D)
Batting: SHB José González 0-0: Called Strike
0-1: Ball
1-1: Foul Ball, location: 2F
1-2: Foul Ball, location: 2F
1-2: Strikes out looking
Top of the 2nd over - 0 run(s), 1 hit(s), 0 error(s), 1 left on base; La Crosse 0 - San Diego 0
BOTTOM OF THE 2ND
San Diego Smashers batting - Pitching for La Crosse Loggers : RHP Jack Hampton
Batting: RHB Larry Turner 0-0: Called Strike
0-1: Ball
1-1: Called Strike
1-2: Ball
2-2: Fly out, F5 (Popup, 5D)
Batting: RHB Manny Torrez 0-0: Swinging Strike
0-1: Ball
1-1: Ground out 6-3 (Groundball, 6)
Batting: RHB Nate Atkinson 0-0: Ball
1-0: Ball
2-0: Foul Ball, location: 2F
2-1: Swinging Strike
2-2: Foul Ball, location: 2F
2-2: Strikes out swinging
Bottom of the 2nd over - 0 run(s), 0 hit(s), 0 error(s), 0 left on base; La Crosse 0 - San Diego 0
TOP OF THE 3RD
La Crosse Loggers batting - Pitching for San Diego Smashers : RHP Carlos Trujillo
Batting: RHB Juan García 0-0: Ball
1-0: Swinging Strike
1-1: Swinging Strike
1-2: Strikes out swinging
Batting: RHB Robert Acosta 0-0: Ball
1-0: Ball
2-0: Foul Ball, location: 2F
2-1: Ground out 4-3 (Groundball, 4)
Batting: RHB Aurelio Cruz 0-0: Fly out, F8 (Flyball, 8RS)
Top of the 3rd over - 0 run(s), 0 hit(s), 0 error(s), 0 left on base; La Crosse 0 - San Diego 0
BOTTOM OF THE 3RD
San Diego Smashers batting - Pitching for La Crosse Loggers : RHP Jack Hampton
Batting: LHB Michael Myers 0-0: Swinging Strike
0-1: Called Strike
0-2: Ball
1-2: Ball
2-2: Strikes out looking
Batting: LHB Jaime Icaza 0-0: Ball
1-0: Ball
2-0: Called Strike
2-1: Ball
3-1: SINGLE (Flyball, 8LS)
Batting: RHB Ricardo Guzmán 0-0: Foul Ball, location: 2F
0-1: Foul Ball, location: 2F
0-2: Ball
1-2: Fly out, F7 (Flyball, 7S)
Batting: LHB Ken Phillips 0-0: Swinging Strike
Pickoff Throw to First - Error! E1
Jaime Icaza to second
0-1: Ball
1-1: Ball
2-1: Swinging Strike
2-2: Foul Ball, location: 2F
2-2: Foul Ball, location: 2F
2-2: Fly out, F8 (Flyball, 8LXD)
Bottom of the 3rd over - 0 run(s), 1 hit(s), 1 error(s), 1 left on base; La Crosse 0 - San Diego 0
TOP OF THE 4TH
La Crosse Loggers batting - Pitching for San Diego Smashers : RHP Carlos Trujillo
Batting: SHB Dave Henley 0-0: Called Strike
0-1: Ball
1-1: Swinging Strike
1-2: Foul Ball, location: 2F
1-2: Foul Ball, location: 2F
1-2: Strikes out swinging
Batting: LHB Ramón Morales 0-0: Ball
1-0: Ball
2-0: Called Strike
2-1: Foul Ball, location: 2F
2-2: SINGLE (Groundball, 4MD)
Batting: RHB Danny Campbell 0-0: Ball
1-0: Ball
2-0: Fly out, F9 (Flyball, 89M)
Batting: LHB Jeff Forsyth 0-0: Swinging Strike
0-1: Ball
Ramón Morales is caught stealing 2nd base
Top of the 4th over - 0 run(s), 1 hit(s), 0 error(s), 0 left on base; La Crosse 0 - San Diego 0
BOTTOM OF THE 4TH
San Diego Smashers batting - Pitching for La Crosse Loggers : RHP Jack Hampton
Batting: RHB Gilberto Guzmán 0-0: Ball
1-0: Ball
2-0: SINGLE (Line Drive, 7S)
Batting: LHB Joe Baker 0-0: Ball
1-0: Ball
2-0: Foul Ball, location: 2F
2-1: Ball
3-1: Base on Balls
Gilberto Guzmán to second
Batting: RHB Larry Turner 0-0: Ball
1-0: Ball
2-0: Ball
3-0: Called Strike
3-1: Fly out, F9 (Flyball, 9LMF)
Batting: RHB Manny Torrez 0-0: Ball
1-0: Ball
2-0: Ball
3-0: Called Strike
3-1: Foul Ball, location: 2F
3-2: Strikes out swinging
Batting: RHB Nate Atkinson 0-0: 3-RUN HOME RUN (Line Drive, 78XD), Distance : 397 ft
Batting: LHB Michael Myers 0-0: Ball
1-0: Ball
2-0: Ball
3-0: Foul Ball, location: 2F
3-1: Foul Ball, location: 2F
3-2: Foul Ball, location: 2F
3-2: Base on Balls
Batting: LHB Jaime Icaza 0-0: Swinging Strike
0-1: Ball
1-1: Called Strike
1-2: Ball
2-2: Foul Ball, location: 2F
2-2: Foul Ball, location: 2F
2-2: Fly out, F8 (Flyball, 8LM)
Bottom of the 4th over - 3 run(s), 2 hit(s), 0 error(s), 1 left on base; La Crosse 0 - San Diego 3
TOP OF THE 5TH
La Crosse Loggers batting - Pitching for San Diego Smashers : RHP Carlos Trujillo
Batting: LHB Jeff Forsyth 0-0: Ball
1-0: Ball
2-0: Swinging Strike
2-1: Ball
3-1: Reached on error, E4 (Groundball, 4)
Batting: LHB Ralph Cobb 0-0: Called Strike
0-1: Foul Ball, location: 2F
0-2: SINGLE (Groundball, 6) (infield hit)
Jeff Forsyth to second
Batting: SHB José González 0-0: Swinging Strike
0-1: Called Strike
0-2: Ball
1-2: Ball
2-2: Strikes out swinging
Batting: RHB Juan García 0-0: Ball
1-0: Foul Ball, location: 2F
1-1: Called Strike
1-2: Ball
2-2: Strikes out swinging
Batting: RHB Robert Acosta 0-0: Swinging Strike
0-1: Foul Ball, location: 2F
0-2: Ball
1-2: Foul Ball, location: 2F
1-2: Ball
2-2: SINGLE (Groundball, 56D)
Jeff Forsyth to third
Ralph Cobb to second
Runner from 3rd tries for Home, SAFE, no throw
Batting: RHB Aurelio Cruz 0-0: Foul Ball, location: 2F
0-1: Foul Ball, location: 2F
0-2: SINGLE (Groundball, 4MD)
Ralph Cobb to third
Robert Acosta to second
Runner from 3rd tries for Home, SAFE, throw made at trailing runner, SAFE at third!
Batting: SHB Dave Henley 0-0: Ball
1-0: Ball
2-0: Called Strike
2-1: Foul Ball, location: 2F
2-2: SINGLE (Line Drive, 89S)
Robert Acosta scores
Aurelio Cruz to second
Batting: LHB Ramón Morales 0-0: Called Strike
0-1: Ball
1-1: Ball
2-1: Foul Ball, location: 2F
2-2: Foul Ball, location: 2F
2-2: Ball
3-2: SINGLE (Line Drive, 3D)
Aurelio Cruz to third
Dave Henley to second
Aurelio Cruz scores
Dave Henley to third
Batting: RHB Danny Campbell 0-0: Ball
1-0: Swinging Strike
1-1: Ball
2-1: Foul Ball, location: 2F
2-2: Ball
3-2: Strikes out swinging
Top of the 5th over - 4 run(s), 5 hit(s), 1 error(s), 2 left on base; La Crosse 4 - San Diego 3
BOTTOM OF THE 5TH
San Diego Smashers batting - Pitching for La Crosse Loggers : RHP Jack Hampton
Pitching: RHP Ray Adams
Batting: RHB Ricardo Guzmán 0-0: Foul Ball, location: 2F
0-1: Ball
1-1: Foul Ball, location: 2F
1-2: Ball
2-2: Ground out 6-3 (Groundball, 6)
Batting: LHB Ken Phillips 0-0: Ball
1-0: DOUBLE (Groundball, 3L)
Batting: RHB Gilberto Guzmán 0-0: Ball
1-0: Swinging Strike
1-1: Foul Ball, location: 2F
1-2: Ball
2-2: Ball
3-2: SINGLE (Line Drive, 9S)
Ken Phillips to third
Runner from 3rd tries for Home, SAFE, throw made home
Gilberto Guzmán to second
Batting: LHB Joe Baker 0-0: Called Strike
0-1: Swinging Strike
0-2: Foul Ball, location: 2F
0-2: Strikes out swinging
Batting: RHB Larry Turner 0-0: Ball
1-0: Ball
2-0: Swinging Strike
2-1: Foul Ball, location: 2F
2-2: Ball
3-2: Strikes out swinging
Bottom of the 5th over - 1 run(s), 2 hit(s), 0 error(s), 1 left on base; La Crosse 4 - San Diego 4
TOP OF THE 6TH
La Crosse Loggers batting - Pitching for San Diego Smashers : RHP Carlos Trujillo
Pitching: LHP Raymond Ritchie
Batting: LHB Jeff Forsyth 0-0: Called Strike
0-1: Foul Ball, location: 2F
0-2: Strikes out looking
Batting: LHB Ralph Cobb 0-0: Swinging Strike
0-1: Called Strike
0-2: Foul Ball, location: 2F
0-2: Ball
1-2: Strikes out swinging
Batting: SHB José González 0-0: Called Strike
0-1: Ground out 5-3 (Groundball, 5)
Top of the 6th over - 0 run(s), 0 hit(s), 0 error(s), 0 left on base; La Crosse 4 - San Diego 4
BOTTOM OF THE 6TH
San Diego Smashers batting - Pitching for La Crosse Loggers : RHP Ray Adams
Batting: RHB Manny Torrez 0-0: Ball
1-0: Ball
2-0: Swinging Strike
2-1: Foul Ball, location: 2F
2-2: Strikes out swinging
Batting: RHB Nate Atkinson 0-0: Called Strike
0-1: Ball
1-1: Ball
2-1: Foul Ball, location: 2F
2-2: Ball
3-2: Strikes out swinging
Batting: LHB Michael Myers 0-0: Fly out, F7 (Line Drive, 7D)
Bottom of the 6th over - 0 run(s), 0 hit(s), 0 error(s), 0 left on base; La Crosse 4 - San Diego 4
TOP OF THE 7TH
La Crosse Loggers batting - Pitching for San Diego Smashers : LHP Raymond Ritchie
Batting: RHB Juan García 0-0: SINGLE (Groundball, 2R) (infield hit)
Batting: RHB Robert Acosta 0-0: Bunted foul
0-1: Bunted foul
0-2: Ball
1-2: Ball
2-2: Strikes out swinging
Pinch Hitting: RHB Júlio Sánchez 0-0: Called Strike
0-1: Ball
1-1: Ball
2-1: Foul Ball, location: 2F
2-2: Foul Ball, location: 2F
2-2: Strikes out swinging
Batting: SHB Dave Henley 0-0: Ball
1-0: Fly out, F9 (Flyball, 9LMF)
Top of the 7th over - 0 run(s), 1 hit(s), 0 error(s), 1 left on base; La Crosse 4 - San Diego 4
BOTTOM OF THE 7TH
San Diego Smashers batting - Pitching for La Crosse Loggers : RHP Ray Adams
Now in RF: Troy Reed
Batting: LHB Jaime Icaza 0-0: Foul Ball, location: 2F
0-1: Swinging Strike
0-2: Strikes out swinging
Batting: RHB Ricardo Guzmán 0-0: Ball
1-0: Fly out, F6 (Line Drive, 56)
Batting: LHB Ken Phillips 0-0: Foul Ball, location: 2F
0-1: Foul Ball, location: 2F
0-2: Ball
1-2: Ball
2-2: Foul Ball, location: 2F
2-2: Fly out, F2 (Popup, 3S)
Bottom of the 7th over - 0 run(s), 0 hit(s), 0 error(s), 0 left on base; La Crosse 4 - San Diego 4
TOP OF THE 8TH
La Crosse Loggers batting - Pitching for San Diego Smashers : LHP Raymond Ritchie
Batting: LHB Ramón Morales 0-0: Called Strike
0-1: Ball
1-1: Swinging Strike
1-2: Ball
2-2: Strikes out looking
Batting: RHB Danny Campbell 0-0: Swinging Strike
0-1: Called Strike
0-2: Fly out, F2 (Popup, 3S)
Batting: LHB Jeff Forsyth 0-0: Called Strike
0-1: Fly out, F7 (Flyball, 78S)
Top of the 8th over - 0 run(s), 0 hit(s), 0 error(s), 0 left on base; La Crosse 4 - San Diego 4
BOTTOM OF THE 8TH
San Diego Smashers batting - Pitching for La Crosse Loggers : RHP Ray Adams
Batting: RHB Gilberto Guzmán 0-0: Swinging Strike
0-1: Foul Ball, location: 2F
0-2: Strikes out swinging
Pinch Hitting: RHB Fred Ameris 0-0: Ball
1-0: Ball
2-0: Ground out 5-3 (Groundball, 5S)
Pinch Hitting: RHB Marty Hendrickson 0-0: Foul Ball, location: 2F
0-1: Ball
1-1: Ball
2-1: Called Strike
2-2: Strikes out swinging
Bottom of the 8th over - 0 run(s), 0 hit(s), 0 error(s), 0 left on base; La Crosse 4 - San Diego 4
TOP OF THE 9TH
La Crosse Loggers batting - Pitching for San Diego Smashers : LHP Raymond Ritchie
Pitching: LHP Jerry Beck
Now at 3B: Michael Aisher
Now at SS: Walt Rodgers
Pinch Hitting: RHB Francisco Rodríguez 0-0: Swinging Strike
0-1: SINGLE (Groundball, 56S) (infield hit)
Batting: SHB José González 0-0: Foul Ball, location: 2F
0-1: Ball
1-1: Sac Bunt - play at first, batter OUT! 1-4
Francisco Rodríguez to second
Batting: RHB Juan García 0-0: Called Strike
0-1: Foul Ball, location: 2F
0-2: Strikes out looking
Batting: RHB Robert Acosta 0-0: Ball
1-0: Called Strike
1-1: Foul Ball, location: 2F
1-2: Ball
2-2: Ball
3-2: Strikes out swinging
Top of the 9th over - 0 run(s), 1 hit(s), 0 error(s), 1 left on base; La Crosse 4 - San Diego 4
BOTTOM OF THE 9TH
San Diego Smashers batting - Pitching for La Crosse Loggers : RHP Ray Adams
Pitching: RHP Derrick Hall
Now in LF: James Jenkins
Batting: RHB Manny Torrez 0-0: Swinging Strike
0-1: Swinging Strike
0-2: Strikes out looking
Batting: RHB Nate Atkinson 0-0: Called Strike
0-1: Ball
1-1: Ball
2-1: Ball
3-1: Foul Ball, location: 2F
3-2: Base on Balls
Batting: LHB Michael Myers 0-0: Ball
1-0: Called Strike
1-1: Ball
2-1: Ball
3-1: Fly out, F8 (Flyball, 8RS)
Batting: LHB Jaime Icaza 0-0: Ball
1-0: Ball
2-0: Foul Ball, location: 2F
2-1: Fielders Choice at 2nd, 4-6 (Groundball, 4)
Bottom of the 9th over - 0 run(s), 0 hit(s), 0 error(s), 0 left on base; La Crosse 4 - San Diego 4
TOP OF THE 10TH
La Crosse Loggers batting - Pitching for San Diego Smashers : LHP Jerry Beck
Batting: RHB Troy Reed 0-0: Ball
1-0: Called Strike
1-1: Ball
2-1: Ball
3-1: Called Strike
3-2: Base on Balls
Batting: SHB Dave Henley 0-0: Ball
1-0: Ball
2-0: Foul Ball, location: 2F
2-1: Ball
3-1: Foul Ball, location: 2F
3-2: Base on Balls
Troy Reed to second
Batting: LHB Ramón Morales 0-0: Ball
Troy Reed is caught stealing 3rd base
Dave Henley to second
1-0: Ball
2-0: Foul Ball, location: 2F
2-1: Ball
3-1: Called Strike
3-2: Base on Balls
Batting: RHB Danny Campbell 0-0: Called Strike
0-1: Ball
1-1: Foul Ball, location: 2F
1-2: Ground out 5-3 (Groundball, 56S)
Dave Henley to third
Ramón Morales to second
Pinch Hitting: RHB Mark Arnold 0-0: 3-RUN HOME RUN (Flyball, 7D), Distance : 335 ft
Pitching: LHP Jesús Martínez
Batting: RHB James Jenkins 0-0: Called Strike
0-1: Swinging Strike
0-2: Strikes out looking
Top of the 10th over - 3 run(s), 1 hit(s), 0 error(s), 0 left on base; La Crosse 7 - San Diego 4
BOTTOM OF THE 10TH
San Diego Smashers batting - Pitching for La Crosse Loggers : RHP Derrick Hall
Now at C: Mark Arnold
Batting: RHB Ricardo Guzmán 0-0: Ball
1-0: Called Strike
1-1: Ground out 6-3 (Groundball, 56)
Batting: LHB Ken Phillips 0-0: Ball
1-0: Swinging Strike
1-1: Ball
2-1: Fly out, F9 (Flyball, 9D)
Batting: RHB Gilberto Guzmán 0-0: Called Strike
0-1: SINGLE (Line Drive, 89M)
Batting: SHB Michael Aisher 0-0: Called Strike
0-1: Fielders Choice at 2nd, 5-4 (Groundball, 5)
Bottom of the 10th over - 0 run(s), 1 hit(s), 0 error(s), 0 left on base; La Crosse 7 - San Diego 4
Thursday, March 30th, 2017 - OOTP Baseball 17.12 Build 75